 Dungeon Crawl Stone Soup version 0.19-a0 (webtiles) character file.

61 varam the Insei (level 3, 0/28 HPs)
             Began as a Draconian Transmuter on Apr 27, 2016.
             Succumbed to an adder's poison
             ... on level 2 of the Dungeon.
             The game lasted 00:04:01 (1640 turns).

varam the Insei (Draconian Transmuter)              Turns: 1640, Time: 00:04:02

Health: 0/28       AC:  7    Str: 12    XL:     3   Next: 83%
Magic:  6/6        EV: 12    Int: 13    God:
Gold:   99         SH:  0    Dex: 12    Spells: 1 memorised, 5 levels left

rFire  . . .     SeeInvis .       - Unarmed
rCold  . . .     Gourm    .     (armour unavailable)
rNeg   . . .     Faith    .     (no shield)
rPois  .         Spirit   .     (helmet restricted)
rElec  .         Dismiss  .     (no cloak)
rCorr  .         Reflect  .     (no gloves)
SustAt .         Harm     .     q - +1 pair of boots
MR     .....                    (no amulet)
Stlth  ..........               (no ring)
                                e - ring of loudness (curse)

@: lethally poisoned (0 -> -3), appendage (expiring), not resistant to hostile
enchantments, extremely unstealthy
A: unfitting armour, horns 2, cold-blooded, AC +5
a: End Transformation


You were on level 2 of the Dungeon.
You were not hungry.
You had grown temporary horns.
You visited 1 branch of the dungeon, and saw 3 of its levels.

You collected 99 gold pieces.

Inventory:

Missiles
 a - 12 arrows
Armour
 q - a +1 pair of boots (worn)
Jewellery
 e - a cursed ring of loudness (left hand)
Scrolls
 g - a scroll of random uselessness {unknown}
 i - a scroll of teleportation {unknown}
 j - 2 scrolls of identify {unknown}
 k - a scroll of noise {unknown}
 n - a scroll of recharging {unknown}
 o - a scroll of fear {unknown}
 p - a scroll of remove curse {unknown}
 r - 2 scrolls of blinking {unknown}
Potions
 f - a potion of degeneration {unknown}
 h - a potion of brilliance {unknown}
 l - a potion of resistance {unknown}
 m - 2 potions of cancellation {unknown}
Books
 b - a book of Changes

   Spells                             Type                      Level
   a - Beastly Appendage              Transmutation                1
   b - Sticks to Snakes               Transmutation                2
   c - Spider Form                    Transmutation/Poison         3
   d - Ice Form                       Ice/Transmutation            4
   e - Blade Hands                    Transmutation                5
Comestibles
 c - 2 bread rations
 d - a meat ration


   Skills:
 - Level 1.1 Fighting
 - Level 1.7 Dodging
 + Level 4.0 Unarmed Combat
 - Level 2.0 Spellcasting
 + Level 3.3 Transmutations


You had 5 spell levels left.
You knew the following spells:

 Your Spells              Type           Power        Failure   Level  Hunger
a - Beastly Appendage     Trmt           #.....       10%         1    ##.....


Dungeon Overview and Level Annotations

Branches:
Dungeon (3/15)

Altars:
Ashenzari
Fedhas
Okawaru


Innate Abilities, Weirdness & Mutations

Your plain brown scales are hard (AC +5).
Your body does not fit into most forms of armour.
You are cold-blooded and may be slowed by cold attacks.
You have a pair of horns on your head.


Message History

Your transformation is almost over.
The adder misses you. The giant newt closely misses you.
The adder closely misses you.
You hit the adder.
You tail-slap the adder, but do no damage.
The adder is lightly wounded.
You feel sick. The giant newt completely misses you. The adder bites you.
* * * LOW HITPOINT WARNING * * *
You hit the adder.
The adder is moderately wounded.
The adder barely misses you. The giant newt closely misses you.
You barely miss the adder.
The adder is moderately wounded.
The adder misses you. The giant newt barely misses you.
You closely miss the adder. Your headbutt misses the adder.
The adder is moderately wounded.
The adder closely misses you. The giant newt misses you.
You hit the adder.
The adder is moderately wounded.
You die...

#.##...#
#........##.##.##.#
#.###..#
########.##.##.##.#
#.###..#
#..........#
#......#####
######.#######
####.......#
#......# #..####.#
#.###### #..####.#
#.# #....##.#####l#
#.##........S@#
#.#####.#######
#.......# #########


You could see an adder and a giant newt.

Vanquished Creatures
  An adder (D:2)
  3 worms (D:2)
  A giant gecko (D:2)
  9 bats
  A giant cockroach (D:2)
  4 hobgoblins
  A quokka (D:2)
  A giant newt (D:1)
  7 goblins
  10 kobolds
  2 rats
40 creatures vanquished.

Notes
Turn   | Place    | Note
--------------------------------------------------------------
     0 | D:1      | varam the Draconian Transmuter began the quest for the Orb.
     0 | D:1      | Reached XP level 1. HP: 16/16 MP: 3/3
   225 | D:1      | Reached XP level 2. HP: 23/23 MP: 1/5
   869 | D:2      | Reached XP level 3. HP: 26/28 MP: 6/6
  1231 | D:2      | Found an iron altar of Okawaru.
  1240 | D:2      | Found a shattered altar of Ashenzari.
  1244 | D:2      | Found a blossoming altar of Fedhas.
  1631 | D:2      | Reached skill level 4 in Unarmed Combat
  1636 | D:2      | HP: 1/28 [adder (4)]
  1640 | D:2      | Succumbed to an adder's poison

Vault maps used:
D:1:      dpeg_arrival_pits, monster_avoids_cloud
D:2:      minmay_overflow_temple_star_quad
D:3:      lemuel_doored_altar, overflow_temple_1_default, first_bread,
          uniq_grinder

Skill      XL: |  1  2  3 |
---------------+----------+-----
Transmutations | 3 |  3.3
Unarmed Combat | 4 |  4.0
Fighting       | |  1.1
Dodging        | |  1.7
Spellcasting   | |  2.0

Action                   || total
-------------------------++-------
Melee: Unarmed           ||   133
       Kick              ||    11
       Tailslap          ||    12
       Headbutt          ||     9
       Punch             ||     1
 Cast: Beastly Appendage ||    32
  Eat: Chunk             ||     3
Armor: Skin              ||    55
Dodge: Dodged            ||    92
